 Dungeon Crawl Stone Soup version 0.29-a0-1027-gcd8c55af63 (webtiles) character file.

Game seed: 6950057799679745383

4425 Locuples the Covert (level 10, -5/79 HPs)
             Began as a Demonspawn Brigand on July 28, 2022.
             Was an Initiate of Dithmenos.
             Slain by a wight
             ... wielding a +0 great sword
              (12 damage)
             ... on level 9 of the Dungeon on Aug 12, 2022.
             The game lasted 00:26:40 (12853 turns).

Locuples the Covert (Demonspawn Brigand)           Turns: 12853, Time: 00:26:40

Health: -5/79      AC: 10    Str: 10    XL:     10   Next: 14%
Magic:  0/10       EV: 12    Int: 10    God:    Dithmenos [......]
Gold:   292        SH:  0    Dex: 26    Spells: 9/9 levels left

rFire   + . .      SeeInvis .   m - +2 dagger (venom)
rCold   + . .      Faith    .   (no shield)
rNeg    + . .      Spirit   +   O - +0 steam dragon scales
rPois   +          Reflect  .   (no helmet)
rElec   .          Harm     .   G - +2 ratskin cloak {*Rats rPois rN+ Str-1 Int-1 Dex+1}
rCorr   .          Rampage  .   l - +0 pair of gloves
Will    .....                   b - +0 pair of boots
Stlth   ++++++....              (no amulet)
HPRegen 0.23/turn               f - ring of protection from fire
MPRegen 0.24/turn               C - ring of protection from cold

@: hasted, very quick
A: hooves 2, thin skeletal structure 1, foul stench 1, magic shield, magic
regeneration, magic link, agile 1, wild magic 1
a: Renounce Religion


You were on level 9 of the Dungeon.
You worshipped Dithmenos.
Dithmenos was noncommittal.
You visited 2 branches of the dungeon, and saw 10 of its levels.
You also visited: Sewer.

You collected 416 gold pieces.
You spent 124 gold pieces at shops.

Inventory:

Hand Weapons
 a - a +2 dagger
 i - a +0 dagger
 m - a +2 dagger of venom (weapon)
 u - a +3 vampiric short sword
Missiles
 d - 20 poisoned darts (quivered)
 e - 13 curare-tipped darts
 L - 2 throwing nets
Armour
 b - a +0 pair of boots (worn)
 l - a +0 pair of gloves (worn)
 t - a scarf of resistance
 G - the +2 ratskin cloak (worn) {*Rats rPois rN+ Str-1 Int-1 Dex+1}
   (You found it on level 5 of the Dungeon)

   When the wearer is hurt, rats may emerge from it to assist them.
   Str:       It affects your strength (-1).
   Int:       It affects your intelligence (-1).
   Dex:       It affects your dexterity (+1).
   rPois:     It protects you from poison.
   rN:        It protects you from negative energy.
 O - +0 steam dragon scales (worn)
Jewellery
 f - a ring of protection from fire (left hand)
 C - a ring of protection from cold (right hand)
 M - an amulet of faith
Wands
 y - a wand of polymorph (6)
 E - a wand of paralysis (7)
 F - a wand of flame (18)
 K - a wand of iceblast (10)
Scrolls
 g - a scroll of acquirement {unknown}
 h - 4 scrolls of enchant armour {unknown}
 j - a scroll of torment {unknown}
 n - 3 scrolls of blinking {unknown}
 p - 3 scrolls of magic mapping
 q - 8 scrolls of teleportation
 r - a scroll of vulnerability {unknown}
 v - a scroll of noise {unknown}
 z - 2 scrolls of enchant weapon {unknown}
 B - a scroll of silence {unknown}
 H - a scroll of immolation {unknown}
 I - 2 scrolls of fear {unknown}
 N - a scroll of butterflies {unknown}
Potions
 k - 2 potions of lignification
 o - 4 potions of curing
 w - 6 potions of flight
 x - 2 potions of brilliance {unknown}
 A - 2 potions of might {unknown}
 D - a potion of degeneration {unknown}
 J - a potion of ambrosia {unknown}


   Skills:
 + Level 7.6 Fighting
 + Level 9.0 Short Blades
 - Level 1.7 Throwing
 - Level 0.8 Dodging
 * Level 9.5 Stealth


You had 9 spell levels left.
You didn't know any spells.
Your spell library contained the following spells:

 Spells                   Type           Power      Damage    Failure   Level
 Freeze                   Ice            0%         1d3       45%         1
 Magic Dart               Conj           0%         1d3       45%         1
 Necrotise                Necr           0%         1d4       45%         1
 Call Imp                 Summ           0%         N/A       58%         2
 Ensorcelled Hibernation  Hex/Ice        0%         N/A       58%         2
 Passwall                 Tmut/Erth      0%         N/A       58%         2
 Static Discharge         Conj/Air       0%         3-3/arc   58%         2
 Frozen Ramparts          Ice            0%         1d1       82%         3
 Mephitic Cloud           Conj/Pois/Air  0%         N/A       82%         3
 Spider Form              Tmut/Pois      0%         N/A       82%         3
 Swiftness                Air            0%         N/A       82%         3
 Vampiric Draining        Necr           0%         2d6       82%         3
 Anguish                  Hex/Necr       0%         N/A       99%         4
 Dispel Undead            Necr           0%         3d6       99%         4
 Hailstorm                Conj/Ice       0%         3d3       99%         4
 Sticky Flame             Conj/Fire      0%         2d3       99%         4
 Agony                    Necr           0%         N/A       100%        5
 Death's Door             Necr           0%         N/A       100%        9
 Fire Storm               Conj/Fire      0%         5d1       100%        9


Dungeon Overview and Level Annotations

Branches:
Dungeon (9/15)             Temple (1/1) D:4            Lair (0/5) D:9
  Sewer (visited)
    Orc: D:9-12

Altars:
Ashenzari
Cheibriados
Dithmenos
Fedhas
Gozag
Hepliaklqana
Kikubaaqudgha
Makhleb
Nemelex Xobeh
Okawaru
Qazlal
Ru
Sif Muna
Trog
Uskayaw
Vehumet
Wu Jian
Xom
Yredelemnul

Shops:
D:1 ?   D:5 [?:(!   D:9 *

Annotations:
D:1 1 runed translucent door
D:9 3 runed translucent doors


Innate Abilities, Weirdness & Mutations

You have hoof-like feet.
You have a somewhat thin skeletal structure. (Dex +2, Stealth+)
You may rarely emit foul miasma when damaged in melee.
When hurt, damage is shared between your health and your magic reserves.
You regenerate magic rapidly.
When low on magic, you restore magic in place of health.
You are agile. (Dex +4, Str/Int -1)
Your spells are a little harder to cast, but a little more powerful.


Message History

The vampire closely misses you.
You hit the vampire but do no damage.
The vampire is almost destroyed.
You hit the vampire but do no damage.
The vampire is almost destroyed.
You closely miss the vampire.
The vampire is almost destroyed.
You barely miss the vampire.
The vampire is almost destroyed.
The vampire draws life force from you!
* * * LOW HITPOINT WARNING * * *
The vampire is healed by the life force!
You hit the vampire but do no damage.
The vampire is severely damaged.
The vampire completely misses you.
The vampire bites you but does no damage.
You hit the vampire but do no damage.
The vampire is severely damaged.
You closely miss the vampire.
The vampire is severely damaged.
The vampire draws life force from you!
* * * LOW HITPOINT WARNING * * *
The vampire is healed by the life force!
As you read the scroll of teleportation, it crumbles to dust.
You feel strangely unstable.
Your surroundings suddenly seem different. 3 wights come into view.
Found a robe.
Found a hide-covered altar of Uskayaw.
The helpless wight fails to defend itself.
You skewer the wight like a kebab!!!!
You destroy the wight!
Dithmenos accepts your kill.
Your Short Blades skill increases to level 9!
The helpless wight fails to defend itself.
You perforate the wight like a sieve!!!!
You destroy the wight!
Dithmenos accepts your kill.
You barely miss the wight.
The wight hits you with a +0 great sword!
You die...

####....##r#####..#########
.......r...................
#.>....#########..........
###....####### ###########
#....#.._..# # #....#≈...≈#
##### #....#≈.≈.≈# #....
........#≈z≈.≈# ###...
####....#≈@≈.≈## #.##..
#....≈.).).≈# #..##.
#...>≈≈...≈≈# ##...##
#....≈.≈.≈.≈# #.....#
#......≈[≈..# #......
......≈...≈.# ##......
##....≈...≈.# #..#####
#..........# #.......
#......≈...# #.......


You could see a wight.

Vanquished Creatures
  Prince Ribbit (D:5)
  Sigmund (D:5)
  4 steam dragons
  Edmund (D:6)
  3 water moccasins (D:7)
  2 sky beasts (D:7)
  An orc warrior (D:7)
  3 ice beasts
  2 black bears
  A centaur (D:8)
  3 ogres
  A phantom (D:6)
  2 kobold brigands
  2 bullfrogs
  4 scorpions
  A gnoll sergeant (D:8)
  9 wights
  A jelly (D:6)
  4 orc priests
  4 hounds
  2 gnoll boudas (D:6)
  2 orc wizards (D:7)
  15 gnolls
  6 adders
  A shadow imp (D:8)
  2 white imps
  2 ufetubi
  2 worms
  A dart slug (D:4)
  17 orcs
  7 ball pythons
  6 endoplasms
  8 giant cockroaches
  7 goblins
  11 hobgoblins
  10 jackals
  20 kobolds
  6 quokkas
  10 bats
  15 frilled lizards
  6 rats
206 creatures vanquished.

Vanquished Creatures (collateral kills)
  3 wights
  A gnoll (D:6)
  An orc (D:7)
5 creatures vanquished.

Vanquished Creatures (others)
  An orc wizard (D:7)
  2 orcs (D:7)
3 creatures vanquished.

Grand Total: 214 creatures vanquished

Notes
Turn   | Place    | Note
-------+----------+-------------------------------------------
     0 | D:1      | Locuples the Demonspawn Brigand began the quest for the
                  | Orb.
     0 | D:1      | Reached XP level 1. HP: 16/16 MP: 1/1
     1 | D:1      | Found a runed translucent door.
   375 | D:1      | Gained mutation: You regenerate magic rapidly. [demonic
                  | ancestry]
   375 | D:1      | Reached XP level 2. HP: 22/22 MP: 2/2
   477 | D:1      | Found Risufuf's Magic Scroll Shoppe.
   866 | D:1      | Reached XP level 3. HP: 25/27 MP: 3/3
  1996 | D:2      | Reached XP level 4. HP: 18/34 MP: 4/4
  2952 | D:3      | Found a burning altar of Makhleb.
  3084 | D:3      | Found a blossoming altar of Fedhas.
  3274 | D:3      | Found a glowing drain.
  3318 | Sewer    | Entered a sewer
  3408 | Sewer    | Noticed a kobold brigand
  3438 | Sewer    | Killed a kobold brigand
  3439 | Sewer    | Gained mutation: When hurt, damage is shared between your
                  | health and your magic reserves. [demonic ancestry]
  3439 | Sewer    | Reached XP level 5. HP: 13/39 MP: 5/5
  4105 | D:3      | Upgraded the game from 0.29-a0-923-g6e406bff71 to
                  | 0.29-a0-1027-gcd8c55af63
  4196 | D:4      | Reached skill level 5 in Stealth
  4444 | D:4      | Gained mutation: You have large cloven feet. [demonic
                  | ancestry]
  4444 | D:4      | Reached XP level 6. HP: 41/47 MP: 3/6
  4724 | D:4      | Found a staircase to the Ecumenical Temple.
  4743 | Temple   | Entered the Ecumenical Temple
  5495 | D:5      | Entered Level 5 of the Dungeon
  5510 | D:5      | Noticed Prince Ribbit
  5511 | D:5      | Found Gull's Magic Scroll Shoppe.
  5526 | D:5      | Killed Prince Ribbit
  5527 | D:5      | Reached skill level 5 in Short Blades
  5527 | D:5      | Gained mutation: You may rarely emit foul miasma when
                  | damaged in melee. [demonic ancestry]
  5527 | D:5      | Reached XP level 7. HP: 14/54 MP: 3/7
  5754 | D:5      | Found Kezipnia's Book Shop.
  5765 | D:5      | Bought a scroll of identify for 28 gold pieces
  5860 | D:5      | Found Bobbev's Armour Emporium.
  5888 | D:5      | Found Amnomirgh's Antique Weapon Shoppe.
  5893 | D:5      | Noticed Sigmund
  5907 | D:5      | Killed Sigmund
  6336 | D:5      | Found the +2 ratskin cloak {*Rats rPois rN+ Str-1 Int-1
                  | Dex+1}
  6445 | D:5      | Gained mutation: You have hoof-like feet. [demonic
                  | ancestry]
  6445 | D:5      | Reached XP level 8. HP: 33/61 MP: 6/8
  6763 | D:5      | Reached skill level 5 in Fighting
  7030 | D:5      | Found Tette's Distillery.
  7035 | D:5      | Bought a potion of mutation for 96 gold pieces
  7035 | D:5      | Gained mutation: Your spells are a little harder to cast,
                  | but a little more powerful. [potion of mutation]
  7035 | D:5      | Gained mutation: You are agile. (Dex +4, Str/Int -1)
                  | [potion of mutation]
  7360 | D:6      | Found a sparkling altar of Nemelex Xobeh.
  7360 | D:6      | Found a basalt altar of Yredelemnul.
  7422 | D:6      | Noticed Edmund
  7452 | D:6      | Killed Edmund
  8365 | D:6      | Identified the +2 helmet of the Turtledove {rPois rC+
                  | Dex-5}
  8734 | D:7      | Gained mutation: When low on magic, you restore magic in
                  | place of health. [demonic ancestry]
  8734 | D:7      | Reached XP level 9. HP: 69/69 MP: 9/9
 10330 | D:7      | Got the Reference Book on the Mortuary Impact
 10517 | D:8      | Found a shimmering blue altar of Sif Muna.
 10961 | D:8      | Found a shadowy altar of Dithmenos.
 10988 | D:8      | Gained mutation: You have a somewhat thin skeletal
                  | structure. (Dex +2, Stealth+) [demonic ancestry]
 10988 | D:8      | Reached XP level 10. HP: 43/74 MP: 7/10
 11213 | D:8      | Became a worshipper of Dithmenos the Shadowed
 11911 | D:9      | Found a runed translucent gate.
 11912 | D:9      | Found a runed translucent gate.
 11912 | D:9      | Noticed a white ugly thing
 11913 | D:9      | Found a runed translucent gate.
 11914 | D:9      | Noticed a red ugly thing
 11966 | D:9      | Noticed a red ugly thing
 11967 | D:9      | Noticed a green ugly thing
 12120 | D:9      | Found Leiwkink's Gadget Gallery.
 12159 | D:9      | Found a broken altar of Ashenzari.
 12262 | D:9      | Found a staircase to the Lair.
 12849 | D:9      | Found a hide-covered altar of Uskayaw.
 12853 | D:9      | Slain by a wight

Illustrated notes

Levels and vault maps discovered:
D:1:      dpeg_arrival_caged_fury, layout_basic, serial_shops,
          nicolae_diamond_shop, minivault_11, minmay_lizard_pond
D:2:      layout_loops_ring
D:3:      kennysheep_six_static_rooms, layout_rooms,
          mainiacjoe_overflow_brackets, fedhas_altar_fruit_tree,
          gup_sewer_entry_pipe, nicolae_elevator_lobby_plus
D:4:      layout_cave_pools, minmay_temple_entry_mist
D:5:      layout_gridville, kennysheep_mini_moat, serial_shops, shop,
          nicolae_shop_stone, shop, shop, kennysheep_little_box,
          chequers_serial_rivers_small_b, uniq_prince_ribbit1, uniq_sigmund
D:6:      layout_basic, chequers_temple_overflow_statue_of_worship, uniq_edmund
D:7:      layout_gridville, enter_bailey_8, grunt_ogre_cave
D:8:      layout_loops_ring, amcnicky_altar_gilded, grunt_dithmenos_smoke,
          lightli_orcish_oven
D:9:      layout_basic, nicolae_ashenzari_panopticon, nicolae_uskayaw_suspiria,
          lair_entry_dummy, ploomutoo_gammafunk_ghost_potion_laboratory,
          nicolae_shop_gadgets
Temple:   nicolae_temple_bog_church

Skill      XL: |  1  2  3  4  5  6  7  8  9 10 |
---------------+-------------------------------+-----
Stealth        | 4 5 6 7 9 |  9.5
Short Blades   | 2 3 4 5 6 7 8 9 |  9.0
Fighting       | 3 4 6 7 |  7.6
Throwing       | |  1.7
Dodging        | |  0.8

Action                   |  1- 3 |  4- 6 |  7- 9 | 10-12 || total
-------------------------+-------+-------+-------+-------++-------
Melee: Dagger            |   141 |   155 |   326 |   108 ||   730
       Punch             |     1 |     2 |     6 |     2 ||    11
       Short sword       |       |   111 |       |       ||   111
       Kick              |       |    23 |   125 |    16 ||   164
  Use: Potion            |     2 |     9 |     3 |     3 ||    17
       Scroll            |       |     4 |     3 |     2 ||     9
 Stab: Sleeping          |     7 |    10 |    11 |     2 ||    30
       Distracted        |       |       |     1 |       ||     1
Armor: Robe              |    42 |    66 |    56 |     6 ||   170
       Steam dragon scal |       |       |       |    22 ||    22
Dodge: Dodged            |    98 |   165 |   177 |    32 ||   472

Table legend: (Time is in decaauts)
 A = Elapsed time spent in this place.
 B = Non-inter-level travel time spent in this place.
 C = Inter-level travel time spent in this place.
 D = Time resting spent in this place.
 E = Time spent auto-exploring this place.
 F = Levels seen in this place.
 G = Mean time per level.
                   A        B        C        D        E       F      G
               +--------+--------+--------+--------+--------+-----+--------+
         Total |  12684 |  12293 |    391 |   1965 |   7920 |  11 | 1153.1 |
       Dungeon |  11947 |  11556 |    391 |   1856 |   7632 |   9 | 1327.4 |
        Temple |    318 |    318 |      0 |      0 |    145 |   1 |  318.0 |
         Sewer |    418 |    418 |      0 |    109 |    142 |   1 |  418.0 |
               +--------+--------+--------+--------+--------+-----+--------+

Top non-repeatable levels by time:
     D:5: 1845 daAuts
     D:7: 1720 daAuts
     D:1: 1565 daAuts
     D:8: 1440 daAuts
     D:6: 1270 daAuts
     D:2: 1269 daAuts
     D:4: 1025 daAuts
     D:3: 920 daAuts
     D:9: 889 daAuts
   Sewer: 418 daAuts
  Temple: 318 daAuts
